 Dungeon Crawl Stone Soup version 0.31-a0-233-g139696dc86 (webtiles) character file.

Game seed: 17388059216879356512

35 qw the Shooter (level 3, -2/29 HPs)
             Began as a Minotaur Hexslinger on July 8, 2023.
             Killed from afar by Sigmund (4 damage)
             ... with a magic dart
             ... on level 2 of the Dungeon.
             The game lasted 00:00:29 (892 turns).

qw the Shooter (Minotaur Hexslinger)                 Turns: 892, Time: 00:00:29

Health: -2/29      AC:  5    Str: 12    XL:     3   Next: 16%
Magic:  3/3        EV: 12    Int: 10    God:
Gold:   52         SH:  0    Dex: 14    Spells: 3/4 levels left

rFire   + . .        Y - +1 sling
rCold   + . .        (no shield)
rNeg    . . .        h - +0 leather armour
rPois   .            (helmet restricted)
rElec   .            e - scarf {rC+ rF+}
rCorr   .            (no gloves)
SInv    .            j - +1 pair of boots
Will    .....        (no amulet)
Stlth   +            (no ring)
HPRegen 0.24/turn    (no ring)
MPRegen 0.08/turn

%: no passive effects
@: no status effects
A: horns 2, retaliatory headbutt
a: no special abilities


You were on level 2 of the Dungeon.
You visited 1 branch of the dungeon, and saw 2 of its levels.

You collected 52 gold pieces.


Innate Abilities, Weirdness & Mutations

You have a pair of horns on your head.
You reflexively headbutt those who attack you in melee.


   Skills:
 - Level 2.0 Fighting
 + Level 3.7 Ranged Weapons
 - Level 2.1 Dodging
 - Level 1.0 Spellcasting
 - Level 2.0 Hexes


You had 3 spell levels left.
You knew the following spells:

 Your Spells              Type           Power      Damage    Failure   Level
a - Slow                  Hex            16%        N/A       19%         1

Your spell library contained the following spells:

 Spells                   Type           Power      Damage    Failure   Level
 Inner Flame              Hex/Fire       2%         N/A       65%         3
 Portal Projectile        Hex/Tloc       4%         N/A       65%         3
 Cause Fear               Hex            2%         N/A       88%         4

Inventory:

Hand Weapons
 Y - a +1 sling (weapon)
Armour
 e - a scarf of resistance (worn)
 h - a +0 leather armour (worn)
 j - a +1 pair of boots (worn)
Scrolls
 a - 2 scrolls of identify
Potions
 b - a potion of brilliance {unknown}
 d - a potion of resistance {unknown}
 i - 2 potions of curing {unknown}

Dungeon Overview and Level Annotations

Branches:
Dungeon (2/15)

Altars:

Annotations:
D:2 Sigmund


Message History

Sigmund burns you. Sigmund casts a spell at you. The magic dart hits you.
Sigmund casts a spell at you. The puff of flame hits you. You resist.
Sigmund closely misses you. Sigmund closely misses you.
You feel less confused.
You shoot a sling bullet.
The sling bullet closely misses Sigmund.
Sigmund barely misses you.
You shoot a sling bullet. The sling bullet hits Sigmund.
Sigmund is heavily wounded.
Sigmund hits you from afar with a +2 scythe of flaming.
Sigmund burns you.
You shoot a sling bullet. The sling bullet hits Sigmund.
Sigmund is severely wounded.
Sigmund misses you.
You shoot a sling bullet. The sling bullet hits Sigmund.
Sigmund is severely wounded.
Sigmund hits you from afar with a +2 scythe of flaming.
You shoot a sling bullet.
The sling bullet closely misses Sigmund.
Sigmund closely misses you.
You shoot a sling bullet.
The sling bullet closely misses Sigmund.
You shoot a sling bullet.
The sling bullet hits Sigmund but does no damage.
Sigmund is severely wounded.
Sigmund hits you from afar with a +2 scythe of flaming.
You shoot a sling bullet. The sling bullet hits Sigmund.
Sigmund is almost dead.
Sigmund hits you from afar with a +2 scythe of flaming!
Sigmund burns you.
You shoot a sling bullet.
The sling bullet hits Sigmund but does no damage.
Sigmund is almost dead.
Sigmund casts a spell at you. The magic dart hits you.
You die...

######## # #......## #.
#.......# .### #.......#
..# # # #.......#
#.#.#.###
##.####+########@#.....#
......#.#..............#
.#....#.#.#####..#@....#
(#.#..#.#..).....#.....#
.#.##...######..## ....#
.#.##............# ....#
.#.##.#.####.###.# ...#
.#.##.#......# #.#.....#
.#....#...##.# #.#...


You could see Sigmund.

Vanquished Creatures
  A worm (D:2)
  2 ball pythons (D:1)
  3 endoplasms (D:1)
  2 goblins
  4 hobgoblins
  3 jackals
  3 kobolds (D:1)
  A quokka (D:2)
  2 bats (D:1)
  2 frilled lizards (D:2)
  6 rats
29 creatures vanquished.

Notes
Turn   | Place    | Note
-------+----------+-------------------------------------------
     0 | D:1      | qw the Minotaur Hexslinger began the quest for the Orb.
     0 | D:1      | Reached XP level 1. HP: 16/16 MP: 1/1
     0 | D:1      | 0 ||| qw: Version: 0.3-a-46-gb1f654a
     0 | D:1      | 0 ||| qw: Game counter: 3405
     0 | D:1      | 0 ||| qw: Melee chars always use a shield: true
     0 | D:1      | 0 ||| qw: God list: Okawaru
     0 | D:1      | 0 ||| qw: Allow faded altars: false
     0 | D:1      | 0 ||| qw: Do Orc after clearing Dungeon:15 true
     0 | D:1      | 0 ||| qw: Do second Lair branch before Depths: true
     0 | D:1      | 0 ||| qw: Lair rune preference: random
     0 | D:1      | 0 ||| qw: Goals: Normal
     0 | D:1      | 0 ||| PLANNING D:1-11
   104 | D:1      | You fall into a shaft and drop 1 floor!
   121 | D:2      | 121 ||| DROPPING scroll of poison.
   127 | D:2      | 127 ||| STAIRDANCE
   175 | D:1      | Reached skill level 3 in Ranged Weapons
   176 | D:1      | Reached XP level 2. HP: 18/23 MP: 2/2
   301 | D:1      | 301 ||| FLEEEEING.
   410 | D:1      | Found a faded altar of an unknown god.
   501 | D:1      | 501 ||| UPGRADING to scarf of resistance.
   506 | D:1      | 506 ||| UPGRADING to +0 pair of boots.
   511 | D:1      | 511 ||| UPGRADING to +0 leather armour.
   521 | D:1      | 521 ||| DROPPING +0 robe.
   522 | D:1      | 522 ||| UPGRADING to +1 pair of boots.
   532 | D:1      | 532 ||| DROPPING +0 pair of boots.
   533 | D:1      | 533 ||| READING 2 scrolls labelled YRCHYGUESUNN.
   534 | D:1      | 534 ||| READING scroll labelled REXZYTOODI.
   538 | D:1      | 538 ||| READING scroll labelled BEFUL WUEW.
   558 | D:2      | 558 ||| STAIRDANCE
   592 | D:2      | 592 ||| STAIRDANCE
   619 | D:2      | Reached XP level 3. HP: 29/29 MP: 3/3
   868 | D:2      | Noticed Sigmund
   891 | D:2      | HP: 3/29 [Sigmund/+2 scythe of flaming (8)]
   891 | D:2      | HP: 1/29 [Sigmund/+2 scythe of flaming (2)]
   892 | D:2      | Killed from afar by Sigmund

Levels and vault maps discovered:
D:1:      minmay_arrival_glassed_features, layout_basic,
          shapermc_ecumenical_altar_mp_ritualfount
D:2:      layout_basic, basic_altar, uniq_sigmund

Skill      XL: |  1  2 |
---------------+-------+-----
Ranged Weapons | 3 |  3.7
Fighting       | 2 |  2.0
Dodging        | |  2.1
Spellcasting   | |  1.0
Hexes          | |  2.0

Action                     || total
---------------------------++-------
   Fire: Sling             ||   107
    Use: Scroll            ||     3
 Armour: Robe              ||     9
         Leather armour    ||     5
  Dodge: Dodged            ||    30

Table legend:
 A = Non-vault XP
 B = Vault XP
 C = Vault XP percentage of total XP
 D = Non-vault monster count
 E = Vault monster count
 F = Vault count percentage of total count
                 A         B        C        D         E       F
            +---------+---------+-------+---------+---------+-------
      Total |      50 |       0 |   0.0 |      29 |       0 |   0.0
            +---------+---------+-------+---------+---------+-------
        D:1 |      34 |       0 |   0.0 |      21 |       0 |   0.0
        D:2 |      16 |       0 |   0.0 |       8 |       0 |   0.0
            +---------+---------+-------+---------+---------+-------
